 Dungeon Crawl Stone Soup version 0.29-a0-330-g52719c12eb (webtiles) character file.

Game seed: 4336509159484669189

112 Crownlay the Firebug (level 4, 0/32 HPs)
             Began as a Gnoll Fire Elementalist on May 3, 2022.
             Slain by a goblin
             ... wielding a +0 dagger
             ... led by Robin
              (4 damage)
             ... on level 3 of the Dungeon.
             The game lasted 00:02:17 (2795 turns).

Crownlay the Firebug (Gnoll Fire Elementalist)      Turns: 2795, Time: 00:02:17

Health: 0/32       AC:  2    Str:  7    XL:     4   Next: 95%
Magic:  1/11       EV: 13    Int: 17    God:
Gold:   163        SH:  0    Dex: 12    Spells: 10/13 levels left

rFire   . . .      SeeInvis .   c - +2 quarterstaff (vorpal)
rCold   . . .      Faith    .   (shield currently unavailable)
rNeg    . . .      Spirit   .   a - +0 robe
rPois   .          Reflect  .   (no helmet)
rElec   .          Harm     .   (no cloak)
rCorr   .          Rampage  .   (no gloves)
Will    .....                   (no boots)
Stlth   +++.......              (no amulet)
HPRegen 0.10/turn               (no ring)
MPRegen 0.12/turn               (no ring)

@: no status effects
A: fangs 1, strong nose, distributed training
a: no special abilities


You were on level 3 of the Dungeon.
You visited 1 branch of the dungeon, and saw 3 of its levels.

You collected 163 gold pieces.

Inventory:

Hand Weapons
 c - a +2 vorpal quarterstaff (weapon)
Armour
 a - a +0 robe (worn)
 v - a +0 pair of gloves
Magical Staves
 d - a staff of earth
 f - a staff of cold
Scrolls
 e - a scroll of summoning {unknown}
 g - 2 scrolls of fog {unknown}
 m - a scroll of teleportation {unknown}
 n - a scroll of noise {unknown}
 o - a scroll of enchant armour {unknown}
 s - 2 scrolls of identify {unknown}
 t - a scroll of brand weapon {unknown}
 w - a scroll of acquirement {unknown}
 x - a scroll of magic mapping {unknown}
Potions
 b - a potion of magic
 h - a potion of lignification {unknown}
 i - a potion of berserk rage {unknown}
 j - a potion of heal wounds {unknown}
 k - 3 potions of curing {unknown}
 l - a potion of flight {unknown}
 p - a potion of attraction {unknown}
 q - a potion of degeneration {unknown}
 r - a potion of mutation {unknown}
 u - a potion of haste


   Skills:
 + Level 1.2 Fighting
 + Level 1.2 Short Blades
 + Level 1.2 Long Blades
 + Level 1.2 Axes
 + Level 1.2 Maces & Flails
 + Level 1.2 Polearms
 + Level 1.2 Staves
 + Level 1.2 Slings
 + Level 1.2 Bows
 + Level 1.2 Crossbows
 + Level 1.2 Throwing
 + Level 1.2 Armour
 + Level 4.7 Dodging
 + Level 4.3 Stealth
 + Level 1.2 Shields
 + Level 1.2 Unarmed Combat
 + Level 5.1 Spellcasting
 + Level 2.3 Conjurations
 + Level 1.0 Hexes
 + Level 1.0 Summonings
 + Level 1.0 Necromancy
 + Level 1.0 Translocations
 + Level 1.0 Transmutations
 + Level 5.5 Fire Magic
 + Level 1.0 Ice Magic
 + Level 1.0 Air Magic
 + Level 1.0 Earth Magic
 + Level 1.0 Poison Magic
 + Level 1.4 Invocations
 + Level 1.2 Evocations


You had 10 spell levels left.
You knew the following spells:

 Your Spells              Type           Power      Damage    Failure   Level
a - Foxfire               Conj/Fire      68%        2x1d7     2%          1
b - Scorch                Fire           46%        2d7       2%          2

Your spell library contained the following spells:

 Spells                   Type           Power      Damage    Failure   Level
 Animate Skeleton         Necr           14%        N/A       9%          1
 Apportation              Tloc           14%        N/A       9%          1
 Summon Small Mammal      Summ           28%        N/A       9%          1
 Conjure Flame            Conj/Fire      17%        6-21      9%          3
 Inner Flame              Hex/Fire       15%        N/A       11%         3
 Frozen Ramparts          Ice            14%        1d3       26%         3
 Flame Wave               Conj/Fire      17%        2d6       28%         4
 Ice Form                 Ice/Tmut       7%         N/A       65%         4
 Summon Ice Beast         Ice/Summ       7%         N/A       65%         4


Dungeon Overview and Level Annotations

Branches:
Dungeon (3/15)

Altars:

Shops:
D:3 [

Annotations:
D:3 Robin


Innate Abilities, Weirdness & Mutations

You have very sharp teeth.
Your uncanny sense of smell can sniff out nearby items.
Your experience applies equally to all skills.


Message History

The goblin closely misses you.
Casting: Foxfire (safe; 2% risk of failure)
Confirm with . or Enter, or press ? or * to list all spells.
You conjure some foxfire!
Robin says, "Bow before me, strongest of all the hobgoblins!"
The foxfire hits Robin but does no damage.
Robin is lightly wounded.
The goblin misses you.
You hit the goblin.
You kill the goblin!
Robin barely misses you.
Casting: Foxfire (safe; 2% risk of failure)
Confirm with . or Enter, or press ? or * to list all spells.
You conjure some foxfire!
You closely miss Robin.
Robin is lightly wounded.
The foxfire hits Robin but does no damage.
Robin is lightly wounded.
Robin zaps a wand.
The puff of flame hits you!
* * * LOW HITPOINT WARNING * * *
Casting: Foxfire (safe; 2% risk of failure)
Confirm with . or Enter, or press ? or * to list all spells.
You conjure some foxfire!
The foxfire hits Robin.
Robin is moderately wounded.
Casting: Foxfire (safe; 2% risk of failure)
Confirm with . or Enter, or press ? or * to list all spells.
You conjure some foxfire!
The foxfire hits the goblin.
The goblin is moderately wounded.
You hit Robin. You bite Robin, but do no damage.
Robin is almost dead.
The goblin hits you with a +0 dagger.
* * * LOW HITPOINT WARNING * * *
Casting: Foxfire (safe; 2% risk of failure)
Confirm with . or Enter, or press ? or * to list all spells.
Flames lash the hobgoblin.
The hobgoblin is almost dead.
The hobgoblin's fire resistance burns away.
The goblin no longer looks unusually strong.
The goblin hits you with a +0 dagger.
You die...

####...##.#
###..#.############
##...####
#..........# #
##.....#
##.).#####.#
####......##
#...#####.##
...........#
##..##.....##
###).#...#.#
#.....##[..####
........##.#
##.#####.#....>
.##..##.##.#######
#.........#### ∆
#............g@#
###########
.....##.#..#..##g#
.###.##...###.##g#
#.##.#..#..##g#
#.##.##...###.#
#.......### #.#
##.....## #.#
#.....# ..# #.....#


You could see Robin (fast), a hobgoblin (strong, combustible) and 2 goblins.

Vanquished Creatures
  Jessica (D:2)
  Terence (D:2)
  An adder (D:2)
  A worm (D:2)
  A dart slug (D:2)
  2 orcs (D:3)
  2 bats
  3 endoplasms
  A giant cockroach (D:3)
  9 goblins
  5 hobgoblins
  2 jackals (D:1)
  A quokka (D:2)
  4 ball pythons
  3 frilled lizards
  4 kobolds
  2 rats
43 creatures vanquished.

Vanquished Creatures (others)
  190 foxfires
190 creatures vanquished.

Grand Total: 233 creatures vanquished

Notes
Turn   | Place    | Note
-------+----------+-------------------------------------------
     0 | D:1      | Crownlay the Gnoll Fire Elementalist began the quest for
                  | the Orb.
     0 | D:1      | Reached XP level 1. HP: 13/13 MP: 6/6
   354 | D:1      | Found a faded altar of an unknown god.
   416 | D:1      | Reached XP level 2. HP: 19/19 MP: 2/7
  1154 | D:1      | Learned a level 2 spell: Scorch
  1207 | D:2      | Noticed Terence
  1212 | D:2      | Killed Terence
  1213 | D:2      | Reached skill level 5 in Spellcasting
  1213 | D:2      | Reached XP level 3. HP: 25/25 MP: 0/9
  1314 | D:2      | Reached skill level 1 in Invocations
  1500 | D:2      | Reached skill level 1 in Fighting
  1500 | D:2      | Reached skill level 1 in Short Blades
  1500 | D:2      | Reached skill level 1 in Long Blades
  1500 | D:2      | Reached skill level 1 in Axes
  1500 | D:2      | Reached skill level 1 in Maces & Flails
  1500 | D:2      | Reached skill level 1 in Polearms
  1500 | D:2      | Reached skill level 1 in Staves
  1500 | D:2      | Reached skill level 1 in Slings
  1500 | D:2      | Reached skill level 1 in Bows
  1500 | D:2      | Reached skill level 1 in Crossbows
  1500 | D:2      | Reached skill level 1 in Throwing
  1500 | D:2      | Reached skill level 1 in Armour
  1500 | D:2      | Reached skill level 1 in Shields
  1500 | D:2      | Reached skill level 1 in Unarmed Combat
  1500 | D:2      | Reached skill level 1 in Evocations
  1500 | D:2      | Noticed Jessica
  1503 | D:2      | Killed Jessica
  1504 | D:2      | Reached XP level 4. HP: 32/32 MP: 3/11
  2098 | D:2      | Reached skill level 1 in Hexes
  2098 | D:2      | Reached skill level 1 in Summonings
  2098 | D:2      | Reached skill level 1 in Necromancy
  2098 | D:2      | Reached skill level 1 in Translocations
  2098 | D:2      | Reached skill level 1 in Transmutations
  2098 | D:2      | Reached skill level 1 in Ice Magic
  2098 | D:2      | Reached skill level 1 in Air Magic
  2098 | D:2      | Reached skill level 1 in Earth Magic
  2098 | D:2      | Reached skill level 1 in Poison Magic
  2530 | D:3      | Found Jysesi's Armour Shoppe.
  2774 | D:3      | Noticed Robin
  2795 | D:3      | Slain by a goblin

Illustrated notes

Levels and vault maps discovered:
D:1:      dpeg_arrival_arbitrary_a, layout_basic, basic_ecumenical_altar
D:2:      layout_basic, uniq_terence, uniq_jessica
D:3:      layout_loops_cross, serial_shops, nicolae_shop_stone,
          lemuel_old_faithful, uniq_robin

Skill      XL: |  1  2  3  4 |
---------------+-------------+-----
Conjurations   | 2 |  2.3
Spellcasting   | 5 |  5.1
Invocations    | 1 |  1.4
Fighting       | 1 |  1.2
Short Blades   | 1 |  1.2
Long Blades    | 1 |  1.2
Axes           | 1 |  1.2
Maces & Flails | 1 |  1.2
Polearms       | 1 |  1.2
Staves         | 1 |  1.2
Slings         | 1 |  1.2
Bows           | 1 |  1.2
Crossbows      | 1 |  1.2
Throwing       | 1 |  1.2
Armour         | 1 |  1.2
Shields        | 1 |  1.2
Unarmed Combat | 1 |  1.2
Evocations     | 1 |  1.2
Hexes          | 1 |  1.0
Summonings     | 1 |  1.0
Necromancy     | 1 |  1.0
Translocations | 1 |  1.0
Transmutations | 1 |  1.0
Ice Magic      | 1 |  1.0
Air Magic      | 1 |  1.0
Earth Magic    | 1 |  1.0
Poison Magic   | 1 |  1.0
Dodging        | |  4.7
Stealth        | |  4.3
Fire Magic     | |  5.5

Action                   |  1- 3 |  4- 6 || total
-------------------------+-------+-------++-------
Melee: Quarterstaff      |     3 |    16 ||    19
       Bite              |       |     2 ||     2
 Cast: Foxfire           |    53 |    75 ||   128
       Scorch            |     2 |     1 ||     3
Armor: Robe              |     5 |     3 ||     8
Dodge: Dodged            |       |    14 ||    14

Table legend: (Time is in decaauts)
 A = Elapsed time spent in this place.
 B = Non-inter-level travel time spent in this place.
 C = Inter-level travel time spent in this place.
 D = Time resting spent in this place.
 E = Time spent auto-exploring this place.
 F = Levels seen in this place.
 G = Mean time per level.
                   A        B        C        D        E       F      G
               +--------+--------+--------+--------+--------+-----+--------+
         Total |   2798 |   2731 |     67 |      0 |   2441 |   3 |  932.7 |
       Dungeon |   2798 |   2731 |     67 |      0 |   2441 |   3 |  932.7 |
               +--------+--------+--------+--------+--------+-----+--------+

Top non-repeatable levels by time:
     D:1: 1204 daAuts
     D:2: 1125 daAuts
     D:3: 468 daAuts
